Map: Zen LE

Players

sOs - Winner!

  • Race: Protoss Protoss
  • Spawn Location: 1:00

Stats

  • Race: Protoss Protoss
  • Spawn Location: 7:00

Event: IEM Katowice 2020

VOD

Have the link to the VOD?

Description

Time

  • Played on: Feb. 29, 2020, 9 a.m.
  • Length: 6:45

All games in this series

Show
View Real Time Build Order
Export as new Build Order

sOs Protoss - Winner!

Build Orders:  

Get SALT Encoding   

  12  0:00  Probe  
  13  0:12  Probe  
  14  0:17  Pylon  
  14  0:25  Probe (Chrono Boost)  
  16  0:36  Gateway  
  16  0:37  Probe (Chrono Boost)  
  16  0:42  Probe (Chrono Boost)  
  16  0:46  Assimilator  
  17  0:51  Probe  
  17  0:55  Assimilator  
  18  1:03  Probe  
  19  1:07  Gateway  
  19  1:15  Probe  
  20  1:23  Cybernetics Core  
  20  1:27  Probe (Chrono Boost)  
  20  1:31  Pylon  
  21  1:39  Probe (Chrono Boost)  
  22  1:43  Probe (Chrono Boost)  
  23  1:49  Gateway  
  24  1:56  Warp Gate (Chrono Boost)  
  24  2:02  Stalker  
  27  2:09  Stalker  
  27  2:27  Pylon  
  27  2:32  Stalker  
  29  2:39  Stalker  
  31  2:51  Stalker  
  33  3:07  Nexus  
  32  3:34  Stalker x3  
  32  3:37  Probe  
  32  3:50  Probe  
  29  4:02  Probe  
  28  4:14  Probe (Chrono Boost)  
  28  4:15  Sentry x3  
  35  4:28  Probe x2 (Chrono Boost)  
  37  4:36  Probe (Chrono Boost)  
  37  4:38  Probe (Chrono Boost)  
  39  4:43  Probe  
  40  4:45  Probe  
  40  4:49  Adept x2  
  45  4:54  Adept  
  45  4:58  Probe  
  48  5:04  Phoenix, Pylon  
  48  5:06  Probe  
  49  5:16  Adept  
  51  5:22  Adept  
  51  5:23  Adept  
  51  5:27  Pylon  
  55  5:37  Adept  
  57  5:43  Adept x2  
  61  5:51  Probe, Pylon  
  60  6:15  Adept x2  
  54  6:21  Probe (Chrono Boost)  
  49  6:26  Probe (Chrono Boost)  
  49  6:29  Robotics Facility  
  43  6:33  Probe (Chrono Boost)  
  43  6:36  Probe (Chrono Boost)  
Show
View Real Time Build Order
Export as new Build Order

Stats Protoss 

Build Orders:  

Get SALT Encoding   

  12  0:00  Probe  
  13  0:13  Probe  
  14  0:17  Pylon  
  14  0:25  Probe (Chrono Boost)  
  15  0:37  Probe (Chrono Boost), Gateway  
  16  0:44  Probe (Chrono Boost)  
  16  0:46  Assimilator  
  17  0:51  Probe  
  17  0:54  Assimilator  
  18  1:03  Probe (Chrono Boost)  
  19  1:07  Gateway  
  19  1:14  Probe (Chrono Boost)  
  20  1:19  Probe (Chrono Boost)  
  20  1:24  Cybernetics Core  
  21  1:29  Probe  
  22  1:34  Pylon  
  22  1:42  Probe  
  23  1:54  Probe  
  24  1:58  Warp Gate (Chrono Boost)  
  24  2:00  Adept x2  
  28  2:10  Pylon  
  28  2:30  Adept x2  
  28  2:34  Robotics Facility  
  28  2:36  Shield Battery  
  31  3:00  Pylon, Adept x2  
  37  3:42  Stalker x2  
  37  3:45  Immortal  
  29  4:07  Gateway  
  29  4:08  Stalker  
  31  4:13  Pylon x2  
  30  4:27  Warp Prism (Chrono Boost)  
  32  4:36  Probe  
  33  4:40  Sentry  
  35  4:52  Sentry  
  37  4:57  Immortal (Chrono Boost)  
  41  5:02  Pylon  
  41  5:16  Sentry x2  
  41  5:17  Adept  
  47  5:26  Pylon  
  47  5:30  Observer (Chrono Boost)  
  48  5:43  Adept x3  
  54  6:05  Adept  
  54  6:06  Adept x2  
  30  6:33  Adept x3  

Tags
 
Add a new tag
Caveats
  • Supply blocks, unpowered buildings, or Contaminate may cause inaccurate times.
  • Supply counts are checked every 10 seconds.